 Dungeon Crawl Stone Soup version 0.29-a0-375-g5102b3be25 (webtiles) character file.

Game seed: 11178953063422276006

0 domi the Magician (level 1, 0/13 HPs)
             Began as a Demonspawn Hedge Wizard on May 3, 2022.
             Frozen to death by an endoplasm (4 damage)
             ... on level 1 of the Dungeon.
             The game lasted 00:00:12 (162 turns).

domi the Magician (Demonspawn Hedge Wizard)          Turns: 162, Time: 00:00:12

Health: 0/13       AC:  2    Str: 10    XL:     1   Next: 8%
Magic:  1/4        EV: 12    Int: 15    God:
Gold:   0          SH:  0    Dex: 12    Spells: 5/6 levels left

rFire   . . .      SeeInvis .   a - +0 dagger
rCold   . . .      Faith    .   (no shield)
rNeg    . . .      Spirit   .   b - +0 robe
rPois   .          Reflect  .   c - +0 hat
rElec   .          Harm     .   (no cloak)
rCorr   .          Rampage  .   (no gloves)
Will    .....                   (no boots)
Stlth   ++........              (no amulet)
HPRegen 0.04/turn               (no ring)
MPRegen 0.09/turn               (no ring)

@: very slightly contaminated
A: no striking features
a: no special abilities


You were on level 1 of the Dungeon.
You visited 1 branch of the dungeon, and saw 1 of its levels.

Inventory:

Hand Weapons
 a - a +0 dagger (weapon)
Armour
 b - a +0 robe (worn)
 c - a +0 hat (worn)
Potions
 d - a potion of magic
 e - 2 potions of heal wounds {unknown}


   Skills:
 - Level 1.7 Dodging
 - Level 1.7 Stealth
 - Level 3.0 Spellcasting
 + Level 1.1 Conjurations
 - Level 1.0 Summonings
 - Level 0.8 Translocations


You had 5 spell levels left.
You knew the following spells:

 Your Spells              Type           Power      Damage    Failure   Level
z - Magic Dart            Conj           20%        1d4       13%         1

Your spell library contained the following spells:

 Spells                   Type           Power      Damage    Failure   Level
 Slow                     Hex            8%         N/A       21%         1
 Call Imp                 Summ           5%         N/A       21%         2
 Blink                    Tloc           8%         N/A       22%         2
 Conjure Flame            Conj/Fire      3%         6-21      43%         3
 Mephitic Cloud           Conj/Pois/Air  3%         N/A       45%         3


Dungeon Overview and Level Annotations

Branches:
Dungeon (1/15)

Altars:


Message History

Bad channel name for runrest: 'Jiyva says: Divide and consume' Welcome, domi the Demonspawn Hedge Wizard.
Are you destined to find the fabled Orb of Zot, or to die trying?
Found 2 metallic sapphire potions.
Found a staircase leading out of the dungeon.
e - 2 metallic sapphire potions You open the door.
There is an open door here.
There is an open door here.
You open the door.
There is an open door here.
There is an open door here.
You open the door. As you open the door, it creaks loudly!
There is an open door here.
There is an open door here.
You open the door.
There is an open door here.
There is an open door here.
You open the door.
There is an open door here.
You open the door.
There is an open door here.
There is an open door here.
You open the door.
There is an open door here.
There is an open door here.
There is an open door here.
A rat comes into view.
A rat is nearby!
A rat is nearby!
Aim: a rat (asleep, 100% to hit)
The magic dart hits the rat.
You now have 3/4 mp.
Aim: a rat (heavily wounded, 100% to hit)
The magic dart hits the rat.
You kill the rat!
You now have 2/4 mp.
You can't see any susceptible monsters within range! (Use Z to cast anyway.)
You can't see any susceptible monsters within range! (Use Z to cast anyway.)
You open the door.
There is an open door here.
There is an open door here.
Found a stone staircase leading down.
MP restored: 4 An endoplasm and a rat come into view.
There are monsters nearby!
There are monsters nearby!
Aim: an endoplasm (asleep, 100% to hit)
The magic dart hits the endoplasm.
The endoplasm quivers.
You now have 3/4 mp.
Aim: an endoplasm (lightly wounded, 100% to hit)
You miscast Magic Dart.
You are very lightly contaminated with residual magic.
Nothing appears to happen.
You now have 2/4 mp.
Aim: an endoplasm (lightly wounded, 100% to hit)
You miscast Magic Dart.
Nothing appears to happen.
The endoplasm hits you.
You take 1 damage, and have 12/13 hp.
You now have 1/4 mp.
Aim: an endoplasm (lightly wounded, 100% to hit)
The magic dart hits the endoplasm.
The endoplasm barely misses you.
You now have 0/4 mp.
You don't have enough magic to cast this spell.
You don't have enough magic to cast this spell.
You don't have enough magic to cast this spell.
You don't have enough magic to cast this spell.
The endoplasm attacks as you move away! The endoplasm completely misses you.
You hit the endoplasm. The endoplasm freezes you.
You are frozen.
You take 5 damage, and have 7/13 hp.
MASSIVE DAMAGE!!
You hit the endoplasm but do no damage. The endoplasm completely misses you.
You hit the endoplasm. The endoplasm closely misses you.
You hit the endoplasm but do no damage. The endoplasm freezes you.
You are frozen.
You take 2 damage, and have 5/13 hp.
You hit the endoplasm but do no damage. The endoplasm hits you.
You take 1 damage, and have 4/13 hp.
You hit the endoplasm but do no damage. The endoplasm freezes you.
You are frozen.
You die...

.###.#######.#.###
'##...######.#...#
..'.#.....##.###.#
<.#######..+.# #.#
..'.....# #.# #.#
'####.#.# #.# #.#
.#### #.# #.#
....# ..# #.#
###.# #@# # #J#
.......r..#
........>...#
....#######.# .♣.
# .. .


You could see an endoplasm and a rat.

Vanquished Creatures
  A rat (D:1)
1 creature vanquished.

Notes
Turn   | Place    | Note
-------+----------+-------------------------------------------
     0 | D:1      | domi the Demonspawn Hedge Wizard began the quest for the
                  | Orb.
     0 | D:1      | Reached XP level 1. HP: 13/13 MP: 4/4
   162 | D:1      | Frozen to death by an endoplasm

Illustrated notes

Levels and vault maps discovered:
D:1:      nicolae_arrival_somewhat_less_tricky_arrival, layout_loops_ring,
          shapermc_ecumenical_altar_starsandcircs, nrook_campfire

Action                   || total
-------------------------++-------
Melee: Dagger            ||     6
 Cast: Magic Dart        ||     4
Dodge: Dodged            ||     4

Table legend: (Time is in decaauts)
 A = Elapsed time spent in this place.
 B = Non-inter-level travel time spent in this place.
 C = Inter-level travel time spent in this place.
 D = Time resting spent in this place.
 E = Time spent auto-exploring this place.
 F = Levels seen in this place.
 G = Mean time per level.
                   A        B        C        D        E       F      G
               +--------+--------+--------+--------+--------+-----+--------+
         Total |    162 |    162 |      0 |      0 |    144 |   1 |  162.0 |
       Dungeon |    162 |    162 |      0 |      0 |    144 |   1 |  162.0 |
               +--------+--------+--------+--------+--------+-----+--------+

Top non-repeatable levels by time:
     D:1: 162 daAuts

Table legend:
 A = Kills in this place as a percentage of kills in entire the game.
 B = Kills by you in this place as a percentage of kills by you in the entire game.
 C = Kills by friends in this place as a percentage of kills by friends in the entire game.
 D = Other kills in this place as a percentage of other kills in the entire game.
 E = Experience gained in this place as a percentage of experience gained in the entire game.
 F = Experience gained in this place divided by the number of levels of this place that you have seen.
                   A       B       C       D       E      F
               +-------+-------+-------+-------+-------+----------------------
         Total | 100.0 | 100.0 |   N/A |   N/A | 100.0 |   1.0
       Dungeon | 100.0 | 100.0 |   N/A |   N/A | 100.0 |   1.0
               +-------+-------+-------+-------+-------+----------------------
